 Dungeon Sprint DCSS version 0.30.1-9-gdf580d7c3d (webtiles) character file.

Game seed: 17261565908365869160

210 Heoruswealwe the Spear-Bearer (level 5, -5/53 HPs)
             Began as a Minotaur Fighter on Oct 13, 2023.
             Slain by a yak (10 damage)
             ... in the Dungeon (Sprint IX: "|||||||||||||||||||||||||||||").
             The game lasted 00:01:20 (127 turns).

Heoruswealwe the Spear-Bearer (Minotaur Fighter)     Turns: 127, Time: 00:01:20

Health: -5/53      AC:  8    Str: 22    XL:     5   Next: 57%
Magic:  4/4        EV:  9    Int:  5    God:
Gold:   0          SH:  4    Dex: 10    Spells: 4/4 levels left

rFire   . . .        a - +0 trident
rCold   . . .        d - +0 buckler
rNeg    . . .        c - +0 scale mail
rPois   .            (helmet restricted)
rElec   .            (no cloak)
rCorr   .            (no gloves)
SInv    .            (no boots)
Will    .....        (no amulet) Stlth
                     (no ring)
HPRegen 0.28/turn    (no ring)
MPRegen 0.09/turn

%: no teleportation
@: no status effects
A: horns 2, retaliatory headbutt
a: no special abilities


You were in the Dungeon.
You visited 1 branch

Inventory:

Hand Weapons
 a - a +0 trident (weapon)
Armour
 c - a +0 scale mail (worn)
 d - a +0 buckler (worn)
Jewellery
 m - a +3 ring of dexterity
 n - a +2 ring of evasion
Wands
 l - a wand of acid (10)
Scrolls
 j - 2 scrolls of blinking
 k - 2 scrolls of amnesia
Potions
 b - a potion of might
 e - 5 potions of curing
 f - 3 potions of heal wounds
 g - a potion of haste
 h - a potion of invisibility
 i - a potion of berserk rage


   Skills:
 + Level 7.8 Fighting
 * Level 10.1 Polearms
 + Level 7.8 Armour
 - Level 3.6 Shields


You had 4 spell levels left.
You didn't know any spells.
Your spell library was empty.

Dungeon Overview and Level Annotations

Branches:
Dungeon (1/1)

Altars:
Cheibriados
Dithmenos
Elyvilon
Fedhas
Gozag
Hepliaklqana
Kikubaaqudgha
Makhleb
Nemelex Xobeh
Okawaru
Qazlal
Ru
Sif Muna
Trog
Uskayaw
Vehumet
Wu Jian
Xom
Yredelemnul
Zin
The Shining One
Jiyva
Lugonu


Innate Abilities, Weirdness & Mutations

You have a pair of horns on your head.
You reflexively headbutt those who attack you in melee.


Message History

The centaur kicks you but does no damage.
You completely miss the centaur. You headbutt the centaur!
The centaur is severely wounded.
The centaur closely misses you. You furiously retaliate!
You headbutt the centaur. The centaur kicks you.
You barely miss the centaur.
The centaur is severely wounded.
The centaur hits you but does no damage.
The centaur kicks you but does no damage.
The centaur hits you. The centaur completely misses you.
You barely miss the centaur.
The centaur is severely wounded.
You block the centaur's attack. The centaur kicks you.
* * * LOW HITPOINT WARNING * * *
You puncture the centaur!
You kill the centaur!
The howler monkey hoots and howls with incredible vigour!
You hear an angry hiss.
Your Fighting skill increases to level 7!
Your Polearms skill gained 2 levels and is now at level 10!
Your Armour skill increases to level 7!
You have reached level 5!
You hit the yak but do no damage. Your headbutt misses the yak.
The yak gores you.
* * * LOW HITPOINT WARNING * * *
You hit the yak but do no damage. You headbutt the yak, but do no damage.
The howler monkey hoots and howls with incredible vigour!
The yak gores you but does no damage.
You hear a screech!
You hear two shouts!
You hear a roar!
You barely miss the yak. The yak gores you!
* * * LOW HITPOINT WARNING * * *
You hit the yak but do no damage. You headbutt the yak!
The yak is moderately wounded.
You block the yak's attack.
You closely miss the yak. You headbutt the yak, but do no damage.
The yak is moderately wounded.
You hit the yak.
The yak is heavily wounded.
The yak gores you!
You die...

▓)▓
▓.▓
▓[▓
▓[▓
▓[▓
▓.▓
▓.▓
▓'▓
▓@▓
▓Y▓
▓c▓
▓T▓
▓h▓
▓.▓
▓+▓


You could see a yak, a troll, a centaur and a howler monkey (catching breath).

Vanquished Creatures
  A centaur (D)
  A gnoll sergeant (D)
  A jelly (D)
  An iguana (D)
  2 worms (D)
  An orc (D)
  A bat (D)
  A giant cockroach (D)
  A jackal (D)
  A ball python (D)
  A frilled lizard (D)
12 creatures vanquished.

Notes
Turn   | Place    | Note
-------+----------+-------------------------------------------
     0 | D        | Heoruswealwe the Minotaur Fighter began the quest for the
                  | Orb.
     0 | D        | Reached XP level 1. HP: 19/19 MP: 0/0
    13 | D        | Reached skill level 3 in Polearms
    38 | D        | Noticed a jelly
    38 | D        | Noticed an iguana
    40 | D        | Reached skill level 4 in Polearms
    47 | D        | Reached XP level 2. HP: 23/28 MP: 1/1
    50 | D        | Reached skill level 5 in Fighting
    50 | D        | Reached skill level 6 in Polearms
    50 | D        | Reached skill level 5 in Armour
    50 | D        | Reached XP level 3. HP: 24/36 MP: 2/2
    60 | D        | Reached skill level 7 in Polearms
    60 | D        | Reached XP level 4. HP: 27/44 MP: 3/3
    68 | D        | Found a snail-covered altar of Cheibriados.
    68 | D        | Found a shadowy altar of Dithmenos.
    68 | D        | Found a white marble altar of Elyvilon.
    68 | D        | Found a blossoming altar of Fedhas.
    68 | D        | Found an opulent altar of Gozag.
    69 | D        | Found a hazy altar of Hepliaklqana.
    70 | D        | Found a viscous altar of Jiyva.
    71 | D        | Found an ancient bone altar of Kikubaaqudgha.
    72 | D        | Found a corrupted altar of Lugonu.
    73 | D        | Found a burning altar of Makhleb.
    74 | D        | Found a sparkling altar of Nemelex Xobeh.
    75 | D        | Found an iron altar of Okawaru.
    76 | D        | Found a stormy altar of Qazlal.
    77 | D        | Found a sacrificial altar of Ru.
    78 | D        | Found a shimmering blue altar of Sif Muna.
    79 | D        | Found a bloodstained altar of Trog.
    80 | D        | Found a hide-covered altar of Uskayaw.
    81 | D        | Found a radiant altar of Vehumet.
    82 | D        | Found an ornate altar of the Wu Jian Council.
    83 | D        | Found a shimmering altar of Xom.
    84 | D        | Found a basalt altar of Yredelemnul.
    85 | D        | Found a glowing silver altar of Zin.
    86 | D        | Found a glowing golden altar of the Shining One.
   110 | D        | Noticed a gnoll sergeant
   110 | D        | Noticed a centaur
   110 | D        | Noticed a yak
   110 | D        | Noticed a centaur
   110 | D        | Noticed a troll
   115 | D        | Killed a gnoll sergeant
   116 | D        | Reached skill level 8 in Polearms
   121 | D        | Killed a centaur
   122 | D        | Reached skill level 10 in Polearms
   122 | D        | Reached XP level 5. HP: 16/53 MP: 4/4
   127 | D        | Slain by a yak

Illustrated notes

Levels and vault maps discovered:
D:        linesprint [early_d, line_temple, items_1, d_10, items_2, lair_1,
          lair_end, items_3, orc_1, orc_end, items_4, d_15, swamp_1, shoals_1,
          snake_1, spider_1, d_20, vaults_1, items_5, swamp_end, shoals_end,
          snake_end, spider_end, vaults_end, d_27, items_6, zot_1, zot_end,
          crypt_end, forest_end, elf_end, slime_end, tomb_end, abyss_end,
          pan_hell_end]

Skill      XL: |  1  2  3  4 |
---------------+-------------+-----
Polearms       | 4 6 7 10 | 10.1
Fighting       | 4 5 7 |  7.8
Armour         | 4 5 7 |  7.8
Shields        | |  3.6

Action                     |  1- 3 |  4- 6 || total
---------------------------+-------+-------++-------
  Melee: Trident           |    35 |    15 ||    50
         Headbutt          |     4 |     5 ||     9
 Armour: Scale mail        |     3 |     6 ||     9
  Dodge: Dodged            |     9 |     6 ||    15
  Block: Buckler           |     5 |     3 ||     8
